 Dungeon Crawl Stone Soup version 0.17-a0-1984-g55f5988 (webtiles) character file.

781 Maka the Twirler (level 7, -6/75 HPs)
             Began as a Demonspawn Gladiator on Oct 6, 2015.
             Was a Follower of Qazlal.
             Shot with an arrow by a centaur (9 damage)
             ... on level 4 of the Dungeon.
             The game lasted 00:09:37 (3888 turns).

Maka the Twirler (Demonspawn Gladiator)             Turns: 3888, Time: 00:09:37

Health: -6/75      AC:  7    Str: 23    XL:     7   Next: 55%
Magic:  9/9        EV: 11    Int:  9    God:    Qazlal [*.....]
Gold:   139        SH:  2    Dex: 15    Spells: 0 memorised, 6 levels left

rFire  + . .     SeeInvis .     a - +0 quarterstaff
rCold  . . .     Clarity  .     m - +0 scale mail
rNeg   . . .     SustAt   .     (no shield)
rPois  .         Gourm    .     c - +0 helmet
rElec  .         Spirit   .     (no cloak)
rCorr  .         Warding  .     (no gloves)
rMut   .         Stasis   .     (no boots)
MR     .....                    (no amulet)
Stlth  ..........               (no ring)
                                w - +2 ring of strength

@: berserking, very quick, not resistant to hostile enchantments, extremely
unstealthy
A: fire resistance 1
a: Renounce Religion


You were on level 4 of the Dungeon.
You worshipped Qazlal.
Qazlal was aware of your devotion.
You were not hungry.

You visited 1 branch of the dungeon, and saw 4 of its levels.

You collected 139 gold pieces.

Inventory:

Hand Weapons
 a - a +0 quarterstaff (weapon)
 f - a +2 dagger of venom
Armour
 c - a +0 helmet (worn)
 m - a +0 scale mail (worn)
Jewellery
 w - a +2 ring of strength (left hand)
Wands
 v - a wand of flame (0)
Scrolls
 b - 2 scrolls of amnesia {unknown}
 h - 3 scrolls of remove curse {unknown}
 i - a scroll of enchant armour {unknown}
 k - a scroll of blinking {unknown}
 l - 3 scrolls of noise {unknown}
 o - 2 scrolls of random uselessness {unknown}
 t - 2 scrolls of identify {unknown}
Potions
 j - a potion of ambrosia {unknown}
 n - a potion of flight {unknown}
 p - a potion of heal wounds {unknown}
 q - a potion of haste {unknown}
 r - 2 potions of degeneration {unknown}
 s - 2 potions of berserk rage
 u - a potion of cancellation {unknown}
Comestibles
 e - 2 bread rations
 g - a meat ration


   Skills:
 - Level 2.0 Fighting
 + Level 6.9 Staves
 - Level 1.7 Throwing
 - Level 3.0 Armour
 - Level 3.0 Dodging
 - Level 3.4 Invocations


You had 6 spell levels left.
You didn't know any spells.

Dungeon Overview and Level Annotations

Branches:
Dungeon (4/15)
 Temple: D:4-7

Altars:
Fedhas
Qazlal
Ru
Yredelemnul


Innate Abilities, Weirdness & Mutations

Your flesh is heat resistant.


Message History

Throwing (i - inventory):
d - a throwing net (quivered)
Press: ? - help, Shift-Dir - straight line, f/p - ogre
Aim: an ogre, wielding a giant club (severely wounded)
You throw a throwing net. The throwing net hits the ogre.
The ogre is caught in the net!
The ogre is severely wounded.
The ogre struggles against the net.
Drink which item? (? for menu, Esc to quit)
Okay, then.
Drink which item? (? for menu, Esc to quit)
It was a potion of berserk rage.
A red film seems to cover your vision as you go berserk!
You feel yourself moving faster!
You feel mighty!
The ogre struggles against the net.
You sock the ogre!
You kill the ogre!
Qazlal accepts your kill.
The centaur wields a runed shortbow.
The centaur shoots an arrow.
The arrow hits you!
You die...

... ...
... #.#
#.# #c#
#)########
#.@>.....#
########.#
#.# #.#
#.# #.#
#.# #.#
#.#


You could see a centaur.

Vanquished Creatures
  Grinder (D:2)
  Sigmund (D:3)
  An ogre (D:4)
  2 orc priests (D:3)
  2 orc wizards (D:3)
  A worker ant (D:4)
  5 gnolls
  8 adders
  An ooze (D:1)
  3 worms
  A giant gecko (D:3)
  7 orcs
  9 bats
  3 giant cockroaches
  10 hobgoblins
  2 jackals (D:2)
  7 kobolds
  2 quokkas
  3 giant newts
  6 goblins
  8 rats
83 creatures vanquished.

Notes
Turn   | Place    | Note
--------------------------------------------------------------
     0 | D:1      | Maka the Demonspawn Gladiator began the quest for the Orb.
     0 | D:1      | Reached XP level 1. HP: 16/16 MP: 1/1
    68 | D:1      | Reached skill level 3 in Staves
    68 | D:1      | Gained mutation: Your flesh is heat resistant. [demonic ancestry]
    68 | D:1      | Reached XP level 2. HP: 1/22 MP: 2/2
   844 | D:1      | Reached XP level 3. HP: 27/27 MP: 3/3
  1027 | D:2      | Reached skill level 4 in Staves
  1096 | D:2      | Found a basalt altar of Yredelemnul.
  1099 | D:2      | Found a blossoming altar of Fedhas.
  1297 | D:2      | Reached skill level 1 in Armour
  1358 | D:2      | Reached XP level 4. HP: 30/33 MP: 4/4
  1378 | D:2      | Found a stormy altar of Qazlal.
  1469 | D:2      | Became a worshipper of Qazlal Stormbringer
  2179 | D:2      | Reached XP level 5. HP: 17/38 MP: 5/5
  2573 | D:3      | Noticed Grinder
  2587 | D:3      | Paralysed by Grinder for 5 turns
  2702 | D:2      | Killed Grinder
  2702 | D:2      | Acquired Qazlal's first power
  2702 | D:2      | Reached XP level 6. HP: 3/44 MP: 5/8
  3043 | D:3      | Reached skill level 5 in Staves
  3414 | D:3      | Found a sacrificial altar of Ru.
  3467 | D:4      | Noticed Sigmund
  3480 | D:3      | Killed Sigmund
  3480 | D:3      | Reached skill level 6 in Staves
  3480 | D:3      | Reached XP level 7. HP: 25/50 MP: 9/9
  3884 | D:4      | HP: 2/50 [ogre/giant club (24)]
  3888 | D:4      | Shot with an arrow by a centaur

Vault maps used:
D:1:      elethiomel_arrival_infinity_welcomes_careful_drivers
D:2:      lemuel_doored_altar, nicolae_overflow_hidden_temple, first_bread
D:3:      makhleb_heckhound_becter, nicolae_ru_path_of_blood, uniq_grinder
D:4:      kennysheep_little_box, temple_pool_a, st_stairs_6, uniq_sigmund

Action                   |  1- 3 |  4- 6 |  7- 9 || total
-------------------------+-------+-------+-------++-------
Melee: Quarterstaff      |   116 |   173 |    27 ||   316
Throw: Throwing net      |     1 |     8 |     3 ||    12
Evoke: Wand              |       |     1 |       ||     1
  Use: Potion            |     1 |     1 |     1 ||     3
 Stab: Held in net/web   |       |       |     1 ||     1
  Eat: Chunk             |     1 |     2 |       ||     3
       Royal jelly       |       |     1 |       ||     1
       Meat ration       |       |     1 |       ||     1
